Map: Yellowjacket

Players

BearLeg - Winner!

  • Race: Protoss Protoss
  • League: Platinum
  • Spawn Location: 9:00

WoodPeeWee - Winner!

  • Race: Zerg Zerg
  • Spawn Location: 7:00

Ekelpack

  • Race: Zerg Zerg
  • Spawn Location: 3:00

Nyck

  • Race: Terran Terran
  • Spawn Location: 1:00

VOD

Have the link to the VOD?

Description

Time

  • Played on: Dec. 18, 2024, 3:27 p.m.
  • Length: 21:00
Show
View Real Time Build Order
Export as new Build Order

BearLeg Protoss - Winner!

Build Orders: Double Forge, Oracle Opening 

Get SALT Encoding   

  12  0:00  Probe  
  13  0:12  Probe  
  14  0:18  Pylon  
  14  0:24  Probe  
  15  0:35  Probe  
  15  0:39  Gateway  
  16  0:43  Probe  
  17  0:51  Assimilator, Probe  
  18  1:03  Probe  
  19  1:15  Probe  
  20  1:27  Probe  
  21  1:33  Cybernetics Core  
  21  1:43  Probe  
  22  1:50  Nexus  
  22  1:55  Pylon  
  22  2:03  Assimilator  
  22  2:07  Adept  
  22  2:08  Pylon  
  22  2:09  Probe  
  22  2:10  Warp Gate  
  25  2:26  Probe  
  25  2:49  Probe  
  26  2:56  Stargate  
  26  3:01  Probe  
  26  3:03  Probe  
  28  3:12  Gateway  
  28  3:13  Twilight Council  
  28  3:15  Probe x2  
  30  3:27  Probe x2  
  32  3:34  Oracle  
  32  3:39  Probe  
  35  3:46  Probe  
  39  3:51  Probe  
  40  3:57  Pylon  
  40  3:58  Probe  
  39  4:03  Probe  
  39  4:04  Gateway  
  39  4:09  Stalker  
  42  4:10  Probe  
  42  4:16  Probe  
  44  4:20  Blink  
  44  4:22  Probe  
  45  4:37  Probe x2  
  45  4:47  Pylon  
  45  4:49  Probe x2  
  45  4:51  Forge  
  47  4:53  Forge  
  47  4:59  Nexus  
  47  5:01  Probe x2  
  49  5:13  Probe  
  50  5:21  Probe  
  51  5:23  Phoenix  
  51  5:30  Probe  
  51  5:33  Probe  
  52  5:36  Stalker x3  
  52  5:39  Shield Battery  
  58  5:43  Photon Cannon  
  58  5:44  Assimilator  
  58  5:48  Assimilator, Pylon  
  58  5:54  Oracle  
  61  6:03  Stalker x2  
  61  6:04  Stalker, Gateway  
  63  6:05  Gateway  
  59  6:15  Probe, Protoss Ground Weapons Level 1  
  59  6:26  Photon Cannon  
  59  6:27  Probe  
  58  6:39  Probe  
  59  6:40  Pylon  
  59  6:44  Probe x2  
  59  6:45  Stalker  
  59  6:46  Stalker  
  65  6:48  Protoss Ground Armor Level 1  
  65  6:52  Probe  
  66  6:58  Probe x2  
  68  7:02  Charge  
  68  7:03  Probe  
  68  7:06  Probe x2  
  69  7:11  Probe  
  72  7:16  Probe x2  
  72  7:18  Photon Cannon  
  72  7:20  Shield Battery  
  72  7:22  Stalker  
  73  7:39  Probe x2  
  73  7:41  Stalker x3  
  73  7:42  Stalker  
  83  7:51  Probe x2  
  83  7:52  Probe  
  83  7:53  Assimilator  
  83  7:57  Assimilator  
  86  8:03  Probe x2  
  88  8:15  Stalker x4  
  93  8:22  Pylon  
  93  8:24  Photon Cannon  
  93  8:40  Probe x3  
  96  8:51  Nexus  
  96  8:52  Probe x3  
  96  8:53  Robotics Facility  
  98  8:56  Stalker  
  99  9:11  Forge, Pylon  
  99  9:13  Forge  
  99  9:20  Pylon  
  99  9:29  Probe x2  
  101  9:33  Pylon  
  101  9:38  Probe  
  102  9:41  Probe x2  
  104  9:49  Nexus  
  104  9:50  Probe  
  104  9:51  Pylon  
  105  9:53  Probe x2  
  105  9:58  Pylon  
  107  10:01  Stalker x3  
  107  10:02  Stalker x2  
  117  10:09  Probe  
  117  10:11  Photon Cannon  
  117  10:12  Photon Cannon  
  118  10:14  Photon Cannon  
  118  10:15  Photon Cannon  
  118  10:18  Photon Cannon  
  117  10:30  Probe  
  118  10:36  Photon Cannon  
  118  10:37  Probe  
  118  10:38  Photon Cannon  
  118  10:40  Photon Cannon  
  118  10:41  Photon Cannon  
  119  10:42  Photon Cannon  
  119  10:43  Stalker x2  
  119  10:44  Stalker, Pylon  
  125  10:54  Protoss Ground Armor Level 2, Protoss Ground Weapons Level 2  
  125  11:01  Robotics Bay  
  125  11:03  Probe  
  126  11:04  Probe x3, Photon Cannon  
  126  11:05  Photon Cannon  
  126  11:07  Photon Cannon  
  129  11:11  Probe  
  129  11:16  Probe  
  131  11:25  Zealot x2  
  131  11:26  Zealot x3, Robotics Facility  
  125  11:51  Zealot x5  
  127  12:01  Immortal  
  121  12:04  Disruptor  
  107  12:30  Disruptor  
  107  12:37  Disruptor  
  105  13:05  Disruptor  
  107  13:15  Disruptor  
  107  13:19  Probe x3  
  114  13:22  Assimilator  
  114  13:24  Assimilator  
  114  13:28  Gateway  
  114  13:31  Gateway  
  114  13:32  Gateway x2, Nexus  
  114  13:33  Pylon  
  114  13:35  Gateway  
  114  13:37  Gateway, Zealot x3  
  114  13:48  Zealot  
  115  13:59  Probe  
  115  14:00  Probe x2  
  117  14:03  Disruptor x2  
  117  14:09  Shield Battery  
  125  14:10  Shield Battery  
  125  14:12  Photon Cannon  
  125  14:14  Photon Cannon x2  
  125  14:16  Photon Cannon  
  125  14:17  Photon Cannon  
  125  14:19  Extended Thermal Lance  
  125  14:20  Gateway  
  125  14:22  Pylon  
  125  14:24  Pylon  
  125  14:31  Protoss Ground Weapons Level 3  
  125  14:32  Protoss Ground Armor Level 3  
  125  14:40  Probe x3  
  128  14:48  Zealot x8  
  128  14:49  Zealot x3  
  128  14:52  Probe x3  
  151  15:04  Probe  
  95  15:31  Disruptor x2  
  95  15:33  Stalker  
  95  15:34  Stalker x4  
  90  15:35  Stalker  
  90  15:36  Stalker x4  
  92  16:00  Probe x3  
  92  16:03  Assimilator  
  95  16:05  Assimilator, Zealot x9  
  95  16:06  Zealot x3  
  119  16:15  Dark Shrine  
  119  16:24  Colossus x2  
  131  16:27  Templar Archives  
  129  17:11  Zealot x8  
  129  17:12  Zealot x4  
  135  17:49  Dark Templar x2  
  135  17:50  Dark Templar x7  
  135  17:51  Dark Templar  
  155  17:52  Nexus  
  155  17:53  Pylon  
  155  17:58  Assimilator, Pylon  
  155  18:13  Pylon  
  153  18:28  Stalker x6  
  153  18:29  Stalker x2  
  169  18:55  Stalker x5  
  173  18:56  Stalker  
  179  19:15  Stalker x5  
  185  19:26  Stalker x3  
  185  19:27  Stalker x2  
  195  19:32  Assimilator  
  193  20:53  Stalker x2  
Show
View Real Time Build Order
Export as new Build Order

WoodPeeWee Zerg - Winner!

Build Orders: Hatch First, Lurkers 

Get SALT Encoding   

  12  0:00  Drone  
  13  0:12  Overlord  
  13  0:17  Drone  
  14  0:31  Drone x2  
  16  0:50  Hatchery, Drone  
  16  0:54  Drone  
  17  0:57  Drone  
  18  1:12  Spawning Pool  
  18  1:14  Extractor  
  18  1:16  Drone  
  17  1:20  Drone  
  18  1:28  Drone  
  19  1:41  Drone  
  20  1:51  Overlord  
  20  1:59  Queen  
  22  2:02  Queen  
  22  2:04  Zergling x4  
  26  2:13  Drone  
  27  2:23  Drone  
  27  2:24  Drone  
  27  2:26  Drone  
  30  2:30  Metabolic Boost  
  30  2:47  Drone x4  
  34  3:01  Hatchery  
  34  3:05  Drone x3  
  36  3:22  Overlord x2  
  36  3:40  Queen  
  38  3:48  Extractor  
  37  3:49  Drone x4  
  37  3:50  Drone x2  
  37  3:54  Drone  
  44  4:09  Extractor  
  43  4:11  Extractor  
  42  4:18  Drone x6  
  48  4:25  Lair  
  48  4:27  Zergling x10  
  48  4:28  Zergling x6  
  56  4:47  Drone x2  
  56  4:49  Overlord x3  
  56  4:50  Overlord  
  58  5:07  Queen  
  58  5:09  Drone x3, Evolution Chamber  
  58  5:11  Evolution Chamber  
  58  5:12  Hatchery  
  58  5:13  Drone, Evolution Chamber  
  60  5:16  Drone x4  
  64  5:27  Drone x5  
  69  5:29  Hydralisk Den  
  69  5:35  Spore Crawler  
  67  5:37  Spore Crawler  
  67  5:40  Spore Crawler  
  67  5:41  Spore Crawler  
  64  5:46  Spore Crawler  
  63  5:58  Hydralisk x10  
  83  6:18  Zerg Missile Weapons Level 1  
  83  6:25  Grooved Spines  
  83  6:43  Queen  
  83  6:44  Drone x11  
  96  6:50  Zerg Ground Armor Level 1  
  96  6:53  Infestation Pit  
  95  7:02  Drone  
  95  7:04  Overlord x2  
  95  7:05  Overlord x3  
  96  7:15  Muscular Augments  
  96  7:22  Zerg Melee Weapons Level 1  
  94  7:54  Drone x3  
  94  7:55  Drone x2  
  94  7:57  Extractor  
  93  8:02  Extractor  
  93  8:03  Spore Crawler x2  
  90  8:06  Hive  
  90  8:09  Overlord  
  90  8:10  Overlord x2  
  90  8:18  Lurker Den  
  90  8:19  Drone x6  
  96  8:20  Drone  
  96  8:24  Drone x2, Extractor  
  96  8:25  Drone x3, Extractor  
  96  8:26  Drone x2  
  101  8:39  Zerg Missile Weapons Level 2  
  101  8:42  Hatchery  
  101  8:46  Drone x3  
  103  8:49  Drone x3  
  103  8:50  Drone x3  
  103  8:51  Overlord  
  103  8:52  Overlord x3  
  103  8:54  Hydralisk x10  
  129  9:03  Spore Crawler  
  128  9:15  Zergling x22  
  139  9:45  Adrenal Glands  
  139  9:50  Seismic Spines  
  137  10:04  Drone x9  
  146  10:21  Hydralisk  
  146  10:22  Hydralisk x20  
  168  10:46  Zergling x4  
  168  10:47  Zergling x26, Adaptive Talons  
  183  10:52  Lurker x6  
  189  11:26  Overseer  
  189  11:27  Overseer  
  110  11:57  Lurker x2  
  110  11:58  Lurker x7  
  110  11:59  Hydralisk x17  
  110  12:00  Hydralisk x7  
  167  12:14  Spore Crawler  
  166  12:16  Spore Crawler  
  165  12:24  Hatchery  
  137  13:20  Hydralisk, Swarm Host  
  137  13:21  Hydralisk x14  
  137  13:23  Drone x2  
  137  13:24  Drone x2  
  174  13:29  Extractor  
  174  13:33  Extractor  
  174  13:34  Lurker  
  173  13:57  Lurker x16  
  189  14:04  Zerg Ground Armor Level 2  
  189  14:14  Zerg Missile Weapons Level 3  
  189  14:28  Drone x3  
  192  14:33  Extractor  
  187  15:05  Swarm Host  
  187  15:06  Hydralisk x9  
  194  15:16  Pneumatized Carapace  
  194  15:34  Hydralisk x2  
  172  16:00  Hydralisk x12  
  172  16:03  Overlord x4  
  187  17:31  Zergling x2  
  187  17:32  Zergling x24  
  187  18:09  Hydralisk x8  
  187  18:10  Hydralisk x3  
  174  18:49  Hydralisk x2  
  174  18:50  Hydralisk x10  
  164  19:33  Hydralisk x18  
  200  19:51  Extractor  
  199  19:53  Drone  
  199  19:55  Spire  
  199  20:18  Overlord x3  
Show
View Real Time Build Order
Export as new Build Order

Ekelpack Zerg 

Build Orders: Hatch First 

Get SALT Encoding   

  12  0:00  Drone  
  13  0:13  Overlord  
  13  0:18  Drone  
  14  0:31  Drone  
  15  0:42  Drone  
  16  0:50  Hatchery  
  15  1:03  Spawning Pool  
  14  1:06  Drone  
  15  1:12  Drone, Extractor  
  15  1:16  Drone  
  16  1:20  Drone  
  17  1:29  Drone  
  18  1:39  Drone  
  19  1:53  Queen  
  21  2:01  Queen  
  21  2:05  Drone  
  24  2:10  Drone  
  24  2:13  Drone  
  26  2:16  Drone  
  26  2:20  Drone  
  28  2:27  Overlord  
  28  2:34  Lair  
  28  2:46  Drone, Extractor  
  28  2:47  Drone x2  
  28  2:49  Drone x2  
  32  2:53  Metabolic Boost  
  32  2:56  Zergling x2  
  33  3:12  Drone x3  
  36  3:14  Overlord  
  36  3:21  Drone, Extractor  
  36  3:26  Drone, Extractor  
  36  3:32  Drone x2  
  36  3:33  Drone  
  39  3:34  Drone x2  
  39  3:35  Drone x2  
  39  3:36  Drone  
  44  3:47  Spire  
  44  3:48  Drone  
  44  3:52  Overlord  
  44  4:03  Overlord  
  44  4:11  Overlord  
  44  4:13  Drone x4  
  48  4:25  Overlord x2  
  48  4:31  Drone  
  48  4:43  Overlord x2  
  48  4:58  Mutalisk x4  
  48  4:59  Mutalisk x5  
  64  5:02  Zerg Flyer Weapons Level 1  
  66  5:19  Queen  
  68  5:22  Mutalisk x2  
  72  5:37  Hatchery  
  71  5:44  Mutalisk x2  
  71  5:47  Zergling x6  
  71  5:48  Zergling x8  
  82  5:55  Mutalisk x3  
  88  6:09  Mutalisk  
  88  6:10  Mutalisk  
  89  6:52  Extractor x2  
  87  6:56  Zerg Flyer Armor Level 1  
  87  7:00  Infestation Pit  
  86  7:02  Drone x3  
  86  7:03  Evolution Chamber  
  86  7:04  Evolution Chamber  
  86  7:05  Drone x2  
  89  7:15  Drone  
  89  7:16  Drone x3  
  89  7:17  Overlord  
  89  7:51  Drone x6  
  77  7:52  Drone x7  
  77  7:53  Drone x5  
  91  8:00  Hive  
  91  8:02  Zerg Melee Weapons Level 1, Zerg Ground Armor Level 1  
  91  8:21  Queen  
  93  8:28  Drone x3  
  93  8:29  Drone x6  
  102  8:49  Drone x3, Overlord  
  102  8:50  Overlord x4  
  105  9:09  Overlord x3  
  105  9:29  Ultralisk Cavern  
  104  9:34  Adrenal Glands  
  104  9:55  Hatchery  
  104  9:59  Zerg Melee Weapons Level 2, Zerg Ground Armor Level 2  
  103  10:03  Extractor  
  103  10:04  Overlord x5  
  103  10:05  Extractor  
  91  10:43  Ultralisk x3  
  91  10:44  Ultralisk x6  
  91  10:45  Ultralisk x3  
  163  11:06  Ultralisk x2  
  163  11:09  Chitinous Plating  
  175  11:21  Ultralisk  
  175  11:22  Zergling x14  
  175  11:23  Zergling x2  
  153  11:47  Overseer  
  153  11:48  Overseer x3  
  141  11:57  Zergling x2, Ultralisk x2  
  141  11:58  Zergling x14  
  146  12:28  Anabolic Synthesis  
  124  12:47  Ultralisk x5  
  124  12:48  Zergling x12  
  109  13:18  Ultralisk x3  
  109  13:19  Zergling x6  
  130  13:37  Zergling x10  
  130  13:38  Zergling x2  
  135  13:54  Zergling x6  
  135  13:55  Zergling x4  
  140  14:02  Ultralisk x2  
  147  14:13  Queen  
  147  14:16  Drone x3  
  152  14:29  Ultralisk x2  
  152  14:30  Ultralisk x4  
  188  14:35  Zerg Melee Weapons Level 3  
  188  15:06  Ultralisk  
  188  15:07  Zergling x2, Ultralisk x3  
  197  15:08  Zergling x2  
  90  16:06  Greater Spire  
  90  16:09  Zergling x10  
  90  16:10  Zergling x4  
  97  16:12  Zergling x8  
  97  16:13  Zergling x14  
  97  16:14  Zergling x6  
  65  16:43  Corruptor x5  
  65  16:44  Corruptor x5  
  80  16:54  Zergling x4  
  70  17:02  Zergling x8  
  69  17:35  Brood Lord x7  
  69  17:36  Brood Lord x3  
  76  17:42  Corruptor  
  73  18:30  Brood Lord  
  71  18:54  Hatchery  
  56  19:32  Lair  
Show
View Real Time Build Order
Export as new Build Order

Nyck Terran 

Build Orders:  

Get SALT Encoding   

  12  0:00  SCV  
  13  0:12  SCV  
  14  0:18  Supply Depot  
  14  0:24  SCV  
  15  0:40  SCV  
  15  0:42  Barracks  
  16  0:49  Refinery  
  16  0:52  SCV  
  17  1:03  Refinery  
  17  1:05  SCV  
  18  1:18  SCV  
  19  1:31  Orbital Command  
  19  1:32  Reaper  
  20  1:39  Barracks  
  20  1:43  Supply Depot  
  20  1:56  SCV  
  21  2:20  Command Center  
  21  2:45  SCV  
  22  2:53  Supply Depot  
  22  2:55  Barracks Tech Lab, Barracks Reactor  
  22  2:57  SCV  
  23  3:02  Barracks  
  23  3:13  SCV  
  23  3:15  Combat Shield  
  24  3:25  SCV  
  24  3:26  Engineering Bay  
  25  3:31  Engineering Bay  
  25  3:32  Marine x3  
  28  3:37  SCV  
  29  3:44  Orbital Command  
  29  3:51  Marine x2  
  29  3:54  Barracks Reactor  
  31  4:03  Terran Infantry Weapons Level 1  
  31  4:04  Terran Infantry Armor Level 1  
  31  4:12  SCV x2  
  33  4:19  Factory  
  33  4:24  SCV  
  33  4:25  SCV  
  33  4:28  Refinery  
  33  4:31  Refinery  
  35  4:37  SCV x2, Stimpack  
  37  4:45  Marine x4  
  40  4:46  Marine  
  40  4:49  SCV x2  
  42  5:01  SCV x2  
  42  5:02  Marine  
  41  5:10  Missile Turret  
  41  5:13  SCV x2  
  41  5:16  Marine x2  
  41  5:17  Marine x2  
  44  5:25  SCV x2  
  44  5:37  SCV x2  
  46  5:49  SCV x2  
  48  5:55  Barracks  
  48  5:58  Armory  
  48  6:02  Starport  
  48  6:08  Barracks  
  48  6:18  Marine x4  
  52  6:28  SCV  
  52  6:29  SCV  
  52  6:31  Command Center  
  54  6:48  Terran Infantry Weapons Level 2  
  54  6:49  Supply Depot, Terran Infantry Armor Level 2  
  54  6:58  Barracks Reactor  
  54  7:00  Barracks Reactor  
  54  7:08  Starport Reactor  
  54  7:11  SCV x2, Marine x4  
  60  7:16  Missile Turret  
  60  7:23  SCV x2  
  62  7:31  Supply Depot  
  62  7:42  SCV x2, Marine  
  65  7:47  Missile Turret  
  65  7:50  Orbital Command  
  65  7:53  Supply Depot  
  65  7:54  SCV x2  
  67  8:02  Medivac x2  
  71  8:07  SCV  
  71  8:13  SCV  
  71  8:15  SCV  
  71  8:16  Supply Depot  
  73  8:20  SCV  
  74  8:34  SCV x3  
  76  8:36  Medivac x2  
  76  8:38  Supply Depot  
  81  8:46  SCV x3  
  81  8:47  Marine x3  
  81  8:48  Marine x2  
  89  8:58  SCV x3  
  89  9:00  Marine, Refinery  
  89  9:01  Supply Depot, Marine x3, Refinery, Command Center  
  96  9:04  Barracks  
  96  9:08  Barracks  
  96  9:12  SCV x2  
  96  9:13  SCV  
  99  9:23  Marine  
  99  9:24  Supply Depot, Marine x4  
  100  9:25  SCV x3  
  100  9:29  Marine  
  100  9:30  Marine x2  
  111  9:38  Terran Infantry Weapons Level 3  
  111  9:41  Marine  
  111  9:46  Terran Infantry Armor Level 3  
  111  9:47  Supply Depot  
  111  9:48  Medivac  
  111  9:50  Medivac  
  111  9:52  SCV  
  116  9:57  Refinery  
  116  10:04  SCV x3  
  116  10:05  Refinery  
  116  10:06  Marine x2  
  121  10:07  Marine  
  121  10:10  Supply Depot  
  121  10:12  Marine x2  
  121  10:13  Barracks Tech Lab, Barracks Reactor  
  124  10:22  Supply Depot  
  124  10:24  Terran Vehicle And Ship Armor Level 1  
  124  10:25  SCV x2  
  124  10:26  SCV  
  127  10:30  Orbital Command  
  127  10:46  Supply Depot  
  127  10:53  Marine  
  127  10:54  Marine x11  
  127  10:57  Medivac  
  141  11:09  Supply Depot  
  141  11:11  Marine  
  141  11:12  Marine x11  
  153  11:23  Medivac  
  155  11:29  Marine x5  
  155  11:30  Marine x3  
  141  11:43  Marine  
  141  11:44  Marine x3  
  141  11:45  Command Center  
  141  11:47  Marine x8  
  143  12:01  Marine x4  
  139  12:04  Marine  
  139  12:05  Marine x7  
  151  12:19  Marine x4  
  151  12:22  Marine  
  155  12:23  Marine x7  
  163  12:36  Marine  
  163  12:37  Marine x3  
  163  12:40  Marine  
  163  12:41  Marine x7  
  172  12:54  Marine  
  172  12:55  Marine x3  
  172  12:58  Marine x3  
  161  12:59  Marine x5  
  132  13:12  Marine  
  120  13:13  Marine x3  
  120  13:16  Marine x6  
  120  13:17  Marine x2  
  121  13:23  SCV  
  121  13:24  SCV x3  
  125  13:30  Marine x2  
  125  13:32  Orbital Command  
  125  13:34  Marine x8  
  137  13:44  Marauder  
  137  13:47  Marauder  
  137  13:48  Marine x2  
  140  13:50  Concussive Shells  
  140  13:51  Marine  
  140  13:52  Marine x7  
  140  13:54  Liberator x2  
  155  14:05  Marauder  
  155  14:06  Marine x2  
  155  14:08  SCV x3, Refinery  
  155  14:09  Marine, Marauder  
  165  14:10  Marine x4  
  169  14:25  Marine x4  
  169  14:27  Marine x2, Marauder  
  169  14:28  Marine x4  
  169  14:30  Marauder  
  183  14:32  SCV x3  
  183  14:33  SCV  
  187  14:43  Marine x4  
  187  14:45  Marine x2, Ghost Academy  
  191  14:48  Marauder  
  191  14:51  Marauder  
  159  15:09  Marauder  
  159  15:13  Marauder  
  103  15:30  Liberator  
  103  15:31  Liberator, Marauder  
  103  15:33  SCV x3  
  103  15:34  SCV, Marauder  
  117  15:45  Starport  
  117  15:47  Starport  
  117  15:49  Starport  
  117  15:52  Marauder  
  117  15:54  Armory  
  117  15:56  Marauder  
  121  15:58  Terran Ship Weapons Level 1  
  121  16:13  Liberator  
  121  16:14  Liberator, Marauder  
  121  16:17  Marauder  
  131  16:23  Starport  
  131  16:25  Starport  
  131  16:27  Starport  
  124  16:35  Marauder  
  124  16:38  Marauder  
  120  16:45  Liberator x2  
  122  16:53  SCV x3  
  122  16:54  SCV  
  106  17:03  Starport  
  82  17:45  Ghost  
  74  17:56  Liberator x2  
  74  17:58  Barracks Tech Lab x2  
  64  17:59  Barracks Tech Lab  
  50  18:14  Marauder  
  50  18:19  Marauder x3  
  38  18:36  Marauder  
  34  18:49  Liberator x2  
  34  18:51  Marauder  
  34  18:52  Marauder x2  
  34  19:18  Marauder  
  34  19:19  Marine, Marauder x3  
  37  19:28  Command Center  
  37  19:32  Liberator  
  37  19:37  Marine  
  41  20:12  Marine x3  
  41  20:13  Marine  
Tags
 
Add a new tag
Caveats
  • Supply blocks, unpowered buildings, or Contaminate may cause inaccurate times.
  • Supply counts are checked every 10 seconds.